 Dungeon Crawl Stone Soup version 0.32-a0-886-g41c5271027 (webtiles) character file.

Game seed: 18111328078031741354

4042 spaghetti the Fighter (level 10, -3/74 (106) HPs)
             Began as a Naga Chaos Knight on Apr 2, 2024.
             Was a Plaything of Xom.
             Slain by a wight
             ... wielding a +2 war axe
              (5 damage)
             ... on level 9 of the Dungeon.
             The game lasted 00:12:45 (6857 turns).

spaghetti the Fighter (Naga Chaos Knight)           Turns: 6857, Time: 00:12:45

HP:   -3/74 (106)   AC:  9    Str: 10 (12) XL:     10   Next: 24%
MP:   3/10          EV:  8    Int: 18      God:    Xom [..*...]
Gold: 404           SH:  0    Dex:  9 (10) Spells: 1/9 levels left

rFire   . . .        x - +3 quarterstaff (chaos)
rCold   . . .        (shield currently unavailable)
rNeg    . . .        b - +3 leather armour
rPois   +            (no helmet)
rElec   .            r - +0 cloak
rCorr   +            (no gloves)
SInv    +            (no barding)
Will    +....        h - amulet of regeneration
Stlth   ++++         i - ring of wizardry
HPRegen 1.12/turn    c - ring of resist corrosion
MPRegen 0.12/turn

%: random rage (3%), wizardry (x1)
@: very slightly contaminated, slowed, very heavily drained, very slow
A: AC +3, large, see invisible, deformed body, poison resistance, slowness 2,
spit poison 1, naga tail 1, stinger 1, berserk 1, weak 1
a: Spit Poison, Renounce Religion


You were on level 9 of the Dungeon.
You worshipped Xom.
You were a toy of Xom.
You visited 1 branch of the dungeon, and saw 9 of its levels.

You collected 404 gold pieces.

Inventory:

Hand Weapons
 a - a +1 falchion of chaos
 x - a +3 quarterstaff of chaos (weapon)
Missiles
 k - a throwing net
 y - a curare-tipped dart
Armour
 b - a +3 leather armour (worn)
 r - a +0 cloak (worn)
Jewellery
 c - a ring of resist corrosion (right hand)
 d - a ring of ice
 f - an amulet of magic regeneration
 h - an amulet of regeneration (around neck)
 i - a ring of wizardry (left hand)
Wands
 e - a wand of paralysis (7)
 j - a wand of iceblast (10)
 p - a wand of acid (4)
Scrolls
 g - 2 scrolls of identify
 m - a scroll of silence
 o - a scroll of poison
 q - a scroll of enchant armour
 s - a scroll of amnesia
 v - a scroll of torment
Potions
 l - a potion of attraction
 t - 2 potions of degeneration
 u - a potion of brilliance
 w - a potion of curing


   Skills:
 - Level 12.1 Fighting
 - Level 3.0 Long Blades
 - Level 1.5 Armour
 - Level 0.7 Dodging
 - Level 9.0 Stealth
 * Level 3.2 Hexes
 + Level 6.1 Summonings


You had one spell level left.
You knew the following spells:

 Your Spells              Type           Power      Damage    Failure   Level
a - Summon Ice Beast      Ice/Summ       10%        N/A       11%         3
b - Summon Mana Viper     Hex/Summ       16%        N/A       43%         5

Your spell library contained the following spells:

 Spells                   Type           Power      Damage    Failure   Level
 Foxfire                  Conj/Fire      0%         2x1d4     12%         1
 Freeze                   Ice            0%         1d3       12%         1
 Ensorcelled Hibernation  Hex/Ice        10%        N/A       9%          2
 Frozen Ramparts          Ice            0%         1d1       32%         3
 Hailstorm                Conj/Ice       0%         3d5       32%         3
 Passwall                 Erth           0%         N/A       32%         3
 Swiftness                Air            0%         N/A       32%         3
 Plasma Beam              Fire/Air       0%         2x1d10    100%        6
 Starburst                Conj/Fire      0%         6d3       100%        6
 Monstrous Menagerie      Summ           10%        N/A       100%        7


Dungeon Overview and Level Annotations

Branches:
Dungeon (9/15)             Temple (0/1) D:7
   Lair: D:8-11         Orc: D:9-12

Altars:
Ashenzari
Gozag
Uskayaw
Vehumet
Xom

Annotations:
D:6 1 runed translucent door


Innate Abilities, Weirdness & Mutations

Your serpentine skin is tough. (AC +3)
You have supernaturally acute eyesight. (SInv)
Armour fits poorly on your strangely shaped body.
Your system is resistant to poisons. (rPois)
You cover ground very slowly.
You can spit poison.
You have a snake-like lower body.
Your tail ends in a venomous barb.
You sometimes lose your temper in combat.
You are weak. (Str -2)


Message History

Waves of light ripple over your body.
You feel yourself slow down. The wight hits you but does no damage.
The wight barely misses you.
Casting: Summon Mana Viper (quite dangerous; 43% risk of failure)
Confirm with . or Enter, or press ? or * to list all spells.
You miscast Summon Ice Beast.
Nothing appears to happen.
The wight barely misses you. The wight completely misses you.
The wight hits you with a +2 war axe!
Casting: Summon Ice Beast (dangerous; 11% risk of failure)
Confirm with . or Enter, or press ? or * to list all spells.
You don't have enough magic to cast this spell.
Okay, then.
As you read the scroll labelled YGRUSU NIPHAUT, it crumbles to dust.
The creatures around you are filled with an inner flame!
It was a scroll of immolation.
The wight hits you but does no damage. The wight barely misses you.
The wight hits you with a +0 war axe.
Okay, then.
Okay, then.
The wight attacks as it pursues you! The wight hits you with a +2 war axe.
You feel drained. The wight barely misses you.
The wight hits you with a +0 war axe! The wight hits you with a +2 war axe.
The wight hits you but does no damage. The wight attacks as it pursues you!
The wight hits you with a +2 war axe.
* * * LOW HITPOINT WARNING * * *
The wight hits you with a +0 war axe.
* * * LOW HITPOINT WARNING * * *
The wight hits you with a +2 war axe.
* * * LOW HITPOINT WARNING * * *
You feel drained.
* * * LOW HITPOINT WARNING * * *
Unknown command.
The wight attacks as it pursues you! The wight hits you but does no damage.
The wight attacks as it pursues you! The wight barely misses you.
The wight hits you with a +0 war axe.
* * * LOW HITPOINT WARNING * * *
The wight hits you with a +2 war axe!
* * * LOW HITPOINT WARNING * * *
Xom thinks this is hilarious!
You feel drained.
You die...
Xom laughs nastily!

#... #..##.
#..#.
######...
........#
#.....##
#....z.#####..
#....z@.......
#..<.#+##+#...
#....# +....#
#....# #....#
...... .......
.........


You could see 2 wights.

Vanquished Creatures
  Pikel (D:4)
  The ghost of smashvw the Thaumaturge, a novice DjFE of Makhleb (D:6)
  A troll (D:6)
  Grinder (D:5)
  Eustachio (D:4)
  A wyvern (D:6)
  A water moccasin (D:6)
  An orc warrior (D:7)
  2 black bears
  2 ice beasts
  A centaur (D:7)
  A kobold brigand (D:8)
  A phantom (D:6)
  2 bullfrogs
  A scorpion (D:5)
  A howler monkey (D:5)
  2 bombardier beetles (D:6)
  3 hounds
  3 jellies (D:6)
  Crazy Yiuf (D:7)
  6 orc priests
  4 sleepcaps
  4 iguanas
  3 orc wizards
  5 gnolls
  6 adders
  2 river rats
  A white imp (D:4)
  2 ufetubi (D:7)
  5 dart slugs
  17 orcs
  6 ball pythons
  9 bats
  9 endoplasms
  4 giant cockroaches
  4 goblins
  4 hobgoblins
  2 jackals (D:1)
  8 kobolds
  9 quokkas
  5 frilled lizards
  6 rats
149 creatures vanquished.

Vanquished Creatures (collateral kills)
  Maggie (D:7)
  A steam dragon (D:7)
  A water moccasin (D:7)
  An orc priest (D:7)
  A sleepcap (D:7)
  2 gnolls (D:3)
  A shadow imp (D:5)
  An orc (D:4)
  A ball python (D:2)
  A rat (D:1)
11 creatures vanquished.

Vanquished Creatures (others)
  2 foxfires (D:6)
2 creatures vanquished.

Grand Total: 162 creatures vanquished

Notes
Turn   | Place    | Note
-------+----------+-------------------------------------------
     0 | D:1      | spaghetti the Naga Chaos Knight began the quest for the
                  | Orb.
     0 | D:1      | Reached XP level 1. HP: 21/21 MP: 1/1
    32 | D:1      | XOM: potion effect (experience)
    32 | D:1      | Reached skill level 6 in Fighting
    32 | D:1      | Reached XP level 2. HP: 26/33 MP: 2/2
   124 | D:1      | Reached XP level 3. HP: 40/40 MP: 3/3
   467 | D:1      | XOM: cloud trail
   828 | D:1      | XOM: divination: detect items
   867 | D:1      | Reached XP level 4. HP: 48/48 MP: 4/4
  1119 | D:2      | XOM: cast spell 'Death Channel'
  1269 | D:2      | XOM: scenery: create altars
  1290 | D:2      | Found a hide-covered altar of Uskayaw.
  1290 | D:2      | XOM: 4-stop teleportation journey
  1656 | D:3      | Reached XP level 5. HP: 54/55 MP: 5/5
  1749 | D:3      | XOM: stat loss: -1 Dex (9/10)
  2053 | D:3      | XOM: cast spell 'Summon Mana Viper'
  2074 | D:3      | XOM: give mutations
  2074 | D:3      | Gained mutation: You are partially covered in large bone
                  | plates. (SH +4) [Xom's mischief]
  2074 | D:3      | Lost mutation: You are partially covered in large bone
                  | plates. (SH +4) [Xom's mischief]
  2144 | D:3      | XOM: 6-stop teleportation journey
  2423 | D:3      | XOM: summons 3 hostile demons
  2443 | D:3      | Gained mutation: You are occasionally teleported next to
                  | monsters. [potion of mutation]
  2663 | D:4      | Noticed Eustachio
  2665 | D:4      | Lost mutation: You are occasionally teleported next to
                  | monsters. [potion of mutation]
  2665 | D:4      | Gained mutation: Your tail ends in a venomous barb. [potion
                  | of mutation]
  2665 | D:4      | Gained mutation: You have hidden genetic defects. [potion
                  | of mutation]
  2739 | D:4      | Found an opulent altar of Gozag.
  2740 | D:4      | Noticed a lemure
  2744 | D:4      | a lemure changed into a white imp
  2746 | D:4      | Noticed Pikel
  2756 | D:4      | XOM: enchant monster (good)
  2761 | D:4      | Noticed a lemure
  2763 | D:4      | Killed Pikel
  2764 | D:4      | Reached skill level 8 in Fighting
  2764 | D:4      | Reached XP level 6. HP: 21/67 MP: 6/6
  2764 | D:4      | Reached XP level 7. HP: 23/74 MP: 7/7
  2777 | D:4      | Gained mutation: You sometimes lose your temper in combat.
                  | [hidden defects]
  3047 | D:4      | XOM: 2-stop teleportation journey
  3101 | D:4      | XOM: summons friendly ufetubus
  3179 | D:4      | Gained mutation: You are weak. (Str -2) [hidden defects]
  3179 | D:4      | Lost mutation: You have hidden genetic defects. [hidden
                  | defects expressed]
  3460 | D:4      | XOM: scenery: 1 doors close
  3495 | D:4      | Found a shimmering altar of Xom.
  4013 | D:4      | XOM: summons 4 hostile shadow creatures
  4034 | D:4      | Killed Eustachio
  4035 | D:4      | Reached skill level 9 in Fighting
  4035 | D:4      | Reached XP level 8. HP: 20/85 MP: 8/8
  4134 | D:5      | Entered Level 5 of the Dungeon
  4154 | D:5      | Noticed Grinder
  4159 | D:5      | XOM: summons friendly shadow imp
  4172 | D:5      | Killed Grinder
  4265 | D:5      | Reached skill level 10 in Fighting
  4298 | D:5      | XOM: silly message
  4521 | D:5      | XOM: stat loss: -1 Str (11/12)
  4636 | D:6      | Found a radiant altar of Vehumet.
  4748 | D:6      | Found a runed translucent door.
  4748 | D:6      | Noticed smashvw's ghost (novice DjFE)
  4787 | D:6      | Reached skill level 11 in Fighting
  4787 | D:6      | Reached XP level 9. HP: 77/97 MP: 9/9
  4790 | D:6      | Noticed a troll
  4807 | D:6      | XOM: silly message
  4895 | D:6      | Found a runed translucent door.
  4939 | D:6      | XOM: confusion (+ monsters)
  5006 | D:6      | XOM: smoke on damage
  5018 | D:6      | Killed a troll
  5019 | D:6      | Reached skill level 12 in Fighting
  5064 | D:6      | XOM: 2-stop teleportation journey
  5363 | D:6      | Learned a level 3 spell: Summon Ice Beast
  5369 | D:6      | Learned a level 5 spell: Summon Mana Viper
  5510 | D:6      | Reached skill level 1 in Summonings
  5649 | D:6      | XOM: polymorph giant cockroach -> frilled lizard
  5662 | D:6      | XOM: confusion
  5669 | D:6      | XOM: summons 3 hostile shadow creatures
  5691 | D:6      | Killed smashvw's ghost
  5804 | D:6      | XOM: god gift: 31 gold pieces
  5813 | D:7      | Found a staircase to the Ecumenical Temple.
  5815 | D:7      | XOM: divination: magic mapping
  5825 | D:7      | XOM: polymorph sky beast -> river rat
  5826 | D:7      | XOM: god gift: scroll labelled WIADAR FIX {god gift}
  5835 | D:7      | Reached skill level 5 in Summonings
  5972 | D:7      | Found a broken altar of Ashenzari.
  6032 | D:7      | XOM: enchant monster (good)
  6041 | D:7      | Reached XP level 10. HP: 36/101 MP: 10/10
  6047 | D:7      | Reached skill level 1 in Hexes
  6139 | D:7      | Found a runed translucent door.
  6140 | D:7      | Noticed Crazy Yiuf
  6205 | D:7      | Noticed Maggie
  6227 | D:7      | Killed Maggie
  6271 | D:7      | XOM: god gift: sling {god gift}
  6572 | D:7      | Killed Crazy Yiuf
  6647 | D:7      | XOM: cloud trail
  6755 | D:8      | XOM: cleaving
  6758 | D:8      | XOM: confuse monster(s)
  6760 | D:8      | XOM: stat loss: -1 Dex (9/10)
  6804 | D:9      | XOM: draining
  6849 | D:8      | XOM: smoke on damage
  6857 | D:9      | HP: 2/77 [wight/+2 war axe (10)]
  6857 | D:9      | Slain by a wight

Illustrated notes

Levels and vault maps discovered:
D:1:      beargit_arrival_diablo_church, layout_basic, lemuel_flame_loot_1
D:2:      layout_basic, basic_altar, nicolae_concentric_dashed_squares_mild,
          dk_noncrumbling_2
D:3:      layout_loops_corners
D:4:      layout_loops_corners, old_standard_altar, xom_redecorated,
          uniq_eustachio, uniq_pikel
D:5:      layout_rooms, uniq_grinder
D:6:      layout_loops_corners, mainiacjoe_overflow_concentric_impassable,
          ebering_ghost_sewer_f, grunt_potential
D:7:      minmay_klotski, layout_rooms, evilmike_ruin_ashenzari,
          temple_fountains, uniq_prince_ribbit1, uniq_maggie,
          uniq_crazy_yiuf_cottage
D:8:      layout_basic, uniq_maurice
D:9:      cheibrodos_steamvent, layout_irregular_city, hellmonk_scale_shop

Skill      XL: |  1  2  3  4  5  6  7  8  9 10 |
---------------+-------------------------------+-----
Fighting       | 6 8 9 11 12 | 12.1
Stealth        | 8 9 |  9.0
Summonings     | 5 6 |  6.1
Hexes          | 3 |  3.2
Long Blades    | |  3.0
Armour         | |  1.5
Dodging        | |  0.7

Action                     |  1- 3 |  4- 6 |  7- 9 | 10-12 || total
---------------------------+-------+-------+-------+-------++-------
  Melee: Falchion          |    54 |   112 |   322 |    24 ||   512
         Quarterstaff      |       |       |       |     5 ||     5
   Cast: Summon Ice Beast  |       |       |     3 |     3 ||     6
         Summon Mana Viper |       |       |       |     1 ||     1
Ability: Spit Poison       |    19 |    39 |    34 |     7 ||    99
  Evoke: Wand              |       |       |     5 |       ||     5
    Use: Scroll            |     2 |     7 |     5 |     1 ||    15
         Potion            |     1 |     7 |     5 |       ||    13
   Stab: Paralysed         |     1 |       |     3 |       ||     4
         Petrified         |       |     3 |     3 |     2 ||     8
         Petrifying        |       |     1 |       |       ||     1
         Confused          |       |       |     2 |       ||     2
         Distracted        |       |       |     1 |       ||     1
         Sleeping          |       |       |     2 |       ||     2
 Armour: Leather armour    |    60 |   107 |   435 |    40 ||   642
  Dodge: Dodged            |    28 |    64 |   208 |    14 ||   314

Table legend: (Time is in decaauts)
 A = Elapsed time spent in this place.
 B = Non-inter-level travel time spent in this place.
 C = Inter-level travel time spent in this place.
 D = Time resting spent in this place.
 E = Time spent auto-exploring this place.
 F = Levels seen in this place.
 G = Mean time per level.
                   A        B        C        D        E       F      G
               +--------+--------+--------+--------+--------+-----+--------+
         Total |   8862 |   8640 |    222 |    457 |   6726 |   9 |  984.7 |
       Dungeon |   8862 |   8640 |    222 |    457 |   6726 |   9 |  984.7 |
               +--------+--------+--------+--------+--------+-----+--------+

Top non-repeatable levels by time:
     D:4: 1919 daAuts
     D:6: 1561 daAuts
     D:3: 1361 daAuts
     D:1: 1275 daAuts
     D:7: 1079 daAuts
     D:2: 805 daAuts
     D:5: 619 daAuts
     D:8: 171 daAuts
     D:9: 69 daAuts
